 Dungeon Crawl Stone Soup version 0.28-a0-657-g71136c5590 (webtiles) character file.

Game seed: 12225436519342146372

73 MarxPower the Slasher (level 4, 0/41 HPs)
             Began as a Minotaur Monk on Oct 13, 2021.
             Slain by Grinder (9 damage)
             ... while paralysed by Grinder
             ... on level 3 of the Dungeon.
             The game lasted 00:05:58 (2238 turns).

MarxPower the Slasher (Minotaur Monk)               Turns: 2238, Time: 00:05:59

Health: 0/41       AC:  2    Str: 16    XL:     4   Next: 8%
Magic:  3/3        EV:  2    Int:  7    God:
Gold:   67         SH:  0    Dex: 13    Spells: 3/3 levels left

rFire   . . .      SeeInvis .   e - +0 short sword (elec)
rCold   . . .      Faith    .   (no shield)
rNeg    . . .      Spirit   .   b - +0 robe
rPois   .          Reflect  .   (helmet restricted)
rElec   .          Harm     .   (no cloak)
rCorr   .          Rampage  .   (no gloves)
Will    .....                   (no boots)
Stlth   ++........              (no amulet)
HPRegen 0.13/turn               (no ring)
MPRegen 0.08/turn               (no ring)

@: paralysed
A: horns 2, retaliatory headbutt
a: no special abilities


You were on level 3 of the Dungeon.
You visited 1 branch of the dungeon, and saw 3 of its levels.

You collected 67 gold pieces.

Inventory:

Hand Weapons
 a - a +0 falchion
 e - a +0 short sword of electrocution (weapon)
 f - a +2 dagger of venom
Missiles
 k - 6 boomerangs
Armour
 b - a +0 robe (worn)
 d - a +0 pair of boots
Wands
 h - a wand of acid (6) (quivered)
Scrolls
 g - 2 scrolls of immolation {unknown}
 i - a scroll of fear {unknown}
 l - a scroll of identify {unknown}
Potions
 c - 2 potions of curing {unknown}
 j - a potion of flight {unknown}


   Skills:
 + Level 4.4 Fighting
 + Level 4.7 Long Blades
 + Level 3.9 Dodging
 + Level 1.9 Stealth


You had 3 spell levels left.
You didn't know any spells.
Your spell library contained the following spells:

 Spells                   Type           Power      Damage    Failure   Level
 Corpse Rot               Necr/Air       N/A        N/A       56%         2
 Poisonous Vapours        Pois/Air       0%         N/A       56%         2
 Iskenderun's Battlesphe  Conj           0%         2d6       100%        5
 Iron Shot                Conj/Erth      0%         9d1       100%        6
 Spellforged Servitor     Conj/Summ      0%         N/A       100%        7


Dungeon Overview and Level Annotations

Branches:
Dungeon (3/15)

Altars:

Annotations:
D:3 Grinder


Innate Abilities, Weirdness & Mutations

You have a pair of horns on your head.
You reflexively headbutt those who attack you in melee.


Message History

You see here 22 stones.
l - a scroll labelled KIAROE EXUVYCH HP restored.
Found a mace.
You see here a +0 mace.
You now have 67 gold pieces (gained 5).
Grinder comes into view.
Grinder shouts!
Grinder blinks!
An endoplasm comes into view.
Grinder gestures at you.
You suddenly lose the ability to move!
Grinder blinks!
You can move again.
Found 24 stones.
Grinder closely misses you.
The endoplasm quivers.
You hit Grinder but do no damage. Grinder hits you.
You writhe in agony.
You hit the endoplasm but do no damage. The endoplasm freezes you.
You are frozen.
Grinder hits you.
You hit the endoplasm but do no damage.
Lightning courses through the endoplasm!
You kill the endoplasm!
Grinder closely misses you.
You hit Grinder but do no damage. Your headbutt misses Grinder.
Grinder hits you.
You writhe in agony.
You hit Grinder. Lightning courses through Grinder!
Grinder is moderately wounded.
Grinder gestures at you.
You suddenly lose the ability to move!
Grinder says, "DUCK!"
Grinder hits you but does no damage. Grinder hits you.
Grinder hits you but does no damage. Grinder hits you.
* * * LOW HITPOINT WARNING * * *
You writhe in agony.
* * * LOW HITPOINT WARNING * * *
Grinder hits you!
You die...

#
##################.#
................@..#
#################5.#
..# .## .. .# .. .(
#


You could see Grinder.

Vanquished Creatures
  An adder (D:2)
  A gnoll (D:1)
  2 worms (D:2)
  A dart slug (D:2)
  8 ball pythons
  3 bats
  5 endoplasms
  3 giant cockroaches
  3 goblins
  2 hobgoblins
  7 kobolds
  3 quokkas (D:2)
  3 rats
42 creatures vanquished.

Notes
Turn   | Place    | Note
-------+----------+-------------------------------------------
     0 | D:1      | MarxPower the Minotaur Monk began the quest for the Orb.
     0 | D:1      | Reached XP level 1. HP: 19/19 MP: 0/0
   326 | D:1      | Reached XP level 2. HP: 27/27 MP: 1/1
  1116 | D:1      | Reached XP level 3. HP: 33/33 MP: 2/2
  2089 | D:2      | Reached XP level 4. HP: 41/41 MP: 3/3
  2221 | D:3      | Noticed Grinder
  2222 | D:3      | Paralysed by Grinder for 3 turns
  2233 | D:3      | Paralysed by Grinder for 7 turns
  2238 | D:3      | Slain by Grinder

Illustrated notes

Levels and vault maps discovered:
D:1:      mainiacjoe_arrival_reflecting_pool, layout_basic
D:2:      layout_loops_ring
D:3:      layout_basic, basic_ecumenical_altar, minivault_4,
          minmay_misc_feat_pillars, uniq_grinder, uniq_ijyb

Skill      XL: |  1  2 |
---------------+-------+-----
Long Blades    | 4 |  4.7
Fighting       | 4 |  4.4
Dodging        | |  3.9
Stealth        | |  1.9

Action                   |  1- 3 |  4- 6 || total
-------------------------+-------+-------++-------
Melee: Falchion          |    86 |       ||    86
       Headbutt          |    12 |     1 ||    13
       Short sword       |       |     9 ||     9
Throw: Throwing net      |     1 |       ||     1
Evoke: Wand              |       |     1 ||     1
 Stab: Sleeping          |     3 |       ||     3
Armor: Robe              |    13 |     2 ||    15
Dodge: Dodged            |    59 |     2 ||    61

Table legend: (Time is in decaauts)
 A = Elapsed time spent in this place.
 B = Non-inter-level travel time spent in this place.
 C = Inter-level travel time spent in this place.
 D = Time resting spent in this place.
 E = Time spent auto-exploring this place.
 F = Levels seen in this place.
 G = Mean time per level.
                   A        B        C        D        E       F      G
               +--------+--------+--------+--------+--------+-----+--------+
         Total |   2244 |   2244 |      0 |      0 |   1715 |   3 |  748.0 |
       Dungeon |   2244 |   2244 |      0 |      0 |   1715 |   3 |  748.0 |
               +--------+--------+--------+--------+--------+-----+--------+

Top non-repeatable levels by time:
     D:1: 1188 daAuts
     D:2: 932 daAuts
     D:3: 123 daAuts
